 Dungeon Crawl Stone Soup version 0.28.0-53-g5a82cb258f (webtiles) character file.

Game seed: 11666207787576932441

20 safid the Digger (level 2, 0/16 HPs)
             Began as a Gargoyle Earth Elementalist on Sept 1, 2022.
             Slain by a rat (3 damage)
             ... on level 2 of the Dungeon.
             The game lasted 00:01:19 (545 turns).

safid the Digger (Gargoyle Earth Elementalist)       Turns: 545, Time: 00:01:19

Health: 0/16       AC:  5    Str: 11    XL:     2   Next: 79%
Magic:  1/5        EV: 12    Int: 15    God:
Gold:   18         SH:  0    Dex: 10    Spells: 4/5 levels left

rFire   . . .      SeeInvis .   (no weapon)
rCold   . . .      Faith    .   (no shield)
rNeg    + . .      Spirit   .   b - +0 robe
rPois   ∞          Reflect  .   e - +0 helmet
rElec   +          Harm     .   (no cloak)
rCorr   .          Rampage  .   (no gloves)
Will    .....                   (no boots)
Stlth   ++........              (no amulet)
HPRegen 0.05/turn               (no ring)
MPRegen 0.09/turn               (no ring)

@: no status effects
A: sickness immunity, AC +2, negative energy resistance 1, electricity
resistance, torment resistance 1, petrification resistance
a: no special abilities


You were on level 2 of the Dungeon.
You visited 1 branch of the dungeon, and saw 2 of its levels.

You collected 18 gold pieces.

Inventory:

Missiles
 c - 45 stones
Armour
 b - a +0 robe (worn)
 e - a +0 helmet (worn)
Scrolls
 a - a scroll of blinking {unknown}
Potions
 d - a potion of cancellation {unknown}
 f - a potion of invisibility {unknown}
 g - 2 potions of flight {unknown}


   Skills:
 + Level 1.0 Fighting
 + Level 1.8 Dodging
 - Level 2.1 Stealth
 + Level 2.2 Spellcasting
 - Level 1.0 Transmutations
 + Level 3.9 Earth Magic


You had 4 spell levels left.
You knew the following spells:

 Your Spells              Type           Power      Damage    Failure   Level
a - Sandblast             Erth           26%        2d8       4%          1

Your spell library contained the following spells:

 Spells                   Type           Power      Damage    Failure   Level
 Passwall                 Tmut/Erth      7%         N/A       12%         2
 Stone Arrow              Conj/Erth      14%        3d7       28%         3
 Petrify                  Tmut/Erth      9%         N/A       61%         4


Dungeon Overview and Level Annotations

Branches:
Dungeon (1/15)

Altars:


Innate Abilities, Weirdness & Mutations

You are immune to sickness and miasma.
Your stone body is resilient. (AC +2)
You are immune to poison.
You resist negative energy. (rN+)
You are resistant to electric shocks. (rElec)
You are resistant to unholy torment.
You are immune to petrification.


Message History

Aiming: Sandblast (safe; 4% risk of failure)
Press: ? - help, Shift-Dir - straight line, f - rat
Aim: a rat (moderately wounded, 79% to hit)
The blast of sand hits the rat.
You kill the rat!
Unknown command.
You closely miss the rat. The rat closely misses you.
You hit the rat.
The rat is heavily wounded.
The rat twitches its whiskers.
The rat misses you.
You hit the rat.
You kill the rat!
The rat bites you but does no damage.
You hit the rat.
The rat is severely wounded.
The rat bites you but does no damage.
The rat twitches its whiskers.
You hit the rat.
You kill the rat!
The rat barely misses you.
You hit the rat but do no damage. The rat bites you.
* * * LOW HITPOINT WARNING * * *
Casting: Sandblast (safe; 4% risk of failure)
Confirm with . or Enter, or press ? or * to list all spells.
You don't have enough magic to cast this spell.
Unknown command.
You hit the rat.
The rat is severely wounded.
The rat misses you.
You hit the rat but do no damage.
The rat is severely wounded.
You barely miss the rat.
The rat is severely wounded.
The rat barely misses you.
You hit the rat.
You kill the rat!
Your Fighting skill increases to level 1!
You barely miss the rat. The rat bites you.
You die... #### #?..# .r..### rr.....

##rrr..#
###r#
#(@r#
##(.#
####


You could see 7 rats.

Vanquished Creatures
  A gnoll (D:1)
  2 ball pythons (D:1)
  A hobgoblin (D:1)
  A quokka (D:2)
  A frilled lizard (D:1)
  8 rats (D:2)
14 creatures vanquished.

Notes
Turn   | Place    | Note
-------+----------+-------------------------------------------
     0 | D:1      | safid the Gargoyle Earth Elementalist began the quest for
                  | the Orb.
     0 | D:1      | Reached XP level 1. HP: 10/10 MP: 3/3
   182 | D:1      | Reached skill level 1 in Transmutations
   182 | D:1      | Reached XP level 2. HP: 7/16 MP: 0/5
   503 | D:1      | You fall into a shaft and drop 1 floor!
   545 | D:2      | Reached skill level 1 in Fighting
   545 | D:2      | Slain by a rat

Illustrated notes

Levels and vault maps discovered:
D:1:      dpeg_arrival_rooms_b, layout_loops_ring, st_stairs_6,
          serial_bayou_lagoon_a, minmay_misc_feat_rugged
D:2:      layout_loops_ring, minmay_rat_hole

Skill      XL: |  1  2 |
---------------+-------+-----
Transmutations | 1 |  1.0
Fighting       | 1 |  1.0
Dodging        | |  1.8
Stealth        | |  2.1
Spellcasting   | |  2.2
Earth Magic    | |  3.9

Action                   || total
-------------------------++-------
Melee: Unarmed           ||    35
 Cast: Sandblast         ||    13
 Stab: Sleeping          ||     1
Armor: Robe              ||     7
Dodge: Dodged            ||    21
